 Dungeon Crawl Stone Soup version 0.31-a0-986-g5e6e4ef867 (webtiles) character file.

Game seed: 5833087661391395572

2 lunkers the Ruffian (level 1, 0/16 HPs)
             Began as a Meteoran Shapeshifter on Nov 16, 2023.
             Succumbed to an adder's poison
             ... on level 2 of the Dungeon.
             The game lasted 00:00:48 (171 turns).

lunkers the Ruffian (Meteoran Shapeshifter)          Turns: 171, Time: 00:00:48

Health: 0/16       AC:  2    Str: 15    XL:     1   Next: 57%
Magic:  2/2        EV: 12    Int: 11    God:
Gold:   28         SH:  0    Dex: 13    Spells: 0/0 levels left

rFire   . .          .
                       - Unarmed
rCold   . . .        (no shield)
rNeg    . . .        a - +0 animal skin
rPois   .            (helmet currently unavailable)
rElec   .            (cloak currently unavailable)
rCorr   .            (gloves currently unavailable)
SInv    .            (boots currently unavailable)
Will    .....        (no amulet)
Stlth   +            (no ring)
HPRegen 0.22/turn    (no ring)
MPRegen 0.08/turn

%: no passive effects
@: lethally poisoned (0 -> -3), beast-form, glowing
A: beast (slay +2), sense surroundings 1, otherworldly, glowing, explore regen
a: Begin Untransformation


You were on level 2 of the Dungeon.
You were a hulking beast.
You visited 1 branch of the dungeon, and saw 2 of its levels.

You collected 28 gold pieces.

Inventory:

Armour
 a - a +0 animal skin (worn)
Talismans
 c - a beast talisman
 d - a flux talisman
Scrolls
 e - a scroll of fear {unknown}
Potions
 b - a potion of lignification


   Skills:
 - Level 1.1 Fighting
 - Level 2.1 Dodging
 * Level 3.8 Unarmed Combat
 + Level 3.7 Shapeshifting


You couldn't memorise any spells.
You didn't know any spells.
Your spell library was empty.

Dungeon Overview and Level Annotations

Branches:
Dungeon (2/15) Zot: 1030

Altars:


Innate Abilities, Weirdness & Mutations

You are a hulking beast.
Your limbs bulge with bestial killing power. (Slay +2)
You passively map a small area around you.
You are easily found by Zot.
You glow in the dark.
You regain HP and MP as you explore.


Message History

You miss the adder.
The adder is heavily wounded.
The adder bites you but does no damage.
You hit the adder but do no damage. Your punch misses the adder.
The adder is heavily wounded.
The adder closely misses you. The kobold hits you with a +0 whip.
* * * LOW HITPOINT WARNING * * *
A goblin comes into view. It is wielding a +0 dagger.
The goblin shouts!
You hit the adder.
The adder is heavily wounded.
The adder misses you. The kobold barely misses you.
Unknown command.
You barely miss the adder.
The adder is heavily wounded.
The adder closely misses you. The kobold misses you.
The adder barely misses you.
Unknown command.
You hit the adder.
The adder is severely wounded.
The kobold misses you. The adder bites you.
* * * LOW HITPOINT WARNING * * *
You are poisoned.
The adder poisons you!
Unknown command.
You miss the adder.
The adder is severely wounded.
* * * LOW HITPOINT WARNING * * *
You feel sick. The adder bites you.
* * * LOW HITPOINT WARNING * * *
The kobold closely misses you. The goblin misses you.
Unknown command.
You miss the adder.
The adder is severely wounded.
The adder bites you but does no damage. The kobold hits you but does no damage.
The goblin hits you with a +0 dagger.
* * * LOW HITPOINT WARNING * * *
You barely miss the adder.
The adder is severely wounded.
You die...

,, , , , , [..., ,
##. ,... ,*
###..**, !..* ,
.....* .. .# ,
...####.##*#. * ##
#...r..., ..* ..
#:gSK# .## *
###.#.#h#* ..#
#.......#####..# *
,
...#.#..........#*
.#.#.....##...#,
...#.##.......# ,
.....)...#>...#, *
..##.#........#. ,
, #.
##............. ,
#
#....#.....##.####


You could see an adder, a goblin, a kobold and a rat.

Vanquished Creatures
  An endoplasm (D:2)
  2 frilled lizards
3 creatures vanquished.

Notes
Turn   | Place    | Note
-------+----------+-------------------------------------------
     0 | D:1      | lunkers the Meteoran Shapeshifter began the quest for the
                  | Orb.
     0 | D:1      | Reached XP level 1. HP: 16/16 MP: 2/2
    71 | D:1      | You fall into a shaft and drop 1 floor!
   171 | D:2      | Succumbed to an adder's poison

Illustrated notes

Levels and vault maps discovered:
D:1:      saegor_arrival_simple_e, layout_loops_ring, serial_forest,
          infiniplex_forest_straight_3, infiniplex_forest_split,
          infiniplex_forest_clump_cross, infiniplex_forest_straight_3
D:2:      layout_basic, chequers_ecumenical_altar_island, minmay_nonomino_d4

Action                     || total
---------------------------++-------
  Melee: Unarmed           ||    14
 Armour: Animal skin       ||     9
  Dodge: Dodged            ||    11

Table legend: (Time is in decaauts)
 A = Elapsed time spent in this place.
 B = Non-inter-level travel time spent in this place.
 C = Inter-level travel time spent in this place.
 D = Time resting spent in this place.
 E = Time spent auto-exploring this place.
 F = Levels seen in this place.
 G = Mean time per level.
                   A        B        C        D        E       F      G
               +--------+--------+--------+--------+--------+-----+--------+
         Total |    169 |    169 |      0 |      0 |    142 |   2 |   84.5 |
       Dungeon |    169 |    169 |      0 |      0 |    142 |   2 |   84.5 |
               +--------+--------+--------+--------+--------+-----+--------+

Top non-repeatable levels by time:
     D:2: 99 daAuts
     D:1: 70 daAuts
